Map: [ESL] Alcyone

Players

Serral - Winner!

  • Race: Zerg Zerg
  • Spawn Location: 1:00

Reynor

  • Race: Zerg Zerg
  • League: Master
  • Spawn Location: 7:00

Event: HomeStory Cup XXIV

VOD

Have the link to the VOD?

Description

Time

  • Played on: Dec. 3, 2023, 3:39 p.m.
  • Length: 7:51

All games in this series

Show
View Real Time Build Order
Export as new Build Order

Serral Zerg - Winner!

Build Orders: Hatch First 

Get SALT Encoding   

  12  0:00  Drone  
  13  0:12  Overlord  
  13  0:16  Drone  
  14  0:30  Drone x2  
  16  0:48  Hatchery  
  15  0:50  Drone  
  15  0:54  Drone  
  17  0:57  Drone  
  18  1:08  Extractor  
  17  1:13  Spawning Pool  
  17  1:16  Drone  
  17  1:19  Drone  
  18  1:27  Drone  
  19  1:38  Drone  
  20  1:48  Drone  
  21  1:59  Queen x2  
  21  2:00  Zergling x2, Overlord  
  26  2:17  Drone  
  26  2:18  Drone  
  28  2:24  Drone x2  
  30  2:35  Queen x2, Overlord  
  30  2:36  Drone  
  35  2:46  Drone, Overlord  
  36  2:53  Drone x2  
  38  3:07  Drone x4, Evolution Chamber  
  38  3:08  Roach Warren  
  40  3:14  Lair  
  40  3:17  Drone x2  
  40  3:19  Drone  
  43  3:24  Drone x2  
  45  3:30  Overlord  
  45  3:31  Drone  
  46  3:35  Extractor  
  46  3:37  Drone  
  46  3:38  Extractor x2, Zerg Missile Weapons Level 1  
  46  3:41  Drone  
  45  3:43  Drone x2  
  45  3:45  Drone  
  45  3:47  Drone  
  49  3:48  Drone  
  49  3:51  Drone  
  49  3:52  Drone  
  52  3:56  Drone  
  52  4:00  Drone  
  54  4:06  Overlord  
  54  4:11  Glial Reconstitution, Roach  
  54  4:15  Overseer  
  54  4:16  Overlord  
  56  4:18  Roach  
  56  4:22  Roach  
  60  4:27  Roach x4  
  68  4:36  Roach x2  
  72  4:42  Overlord  
  72  4:47  Overlord  
  72  4:48  Roach x2  
  72  4:51  Overlord  
  76  4:54  Overlord  
  76  4:55  Overlord  
  76  5:02  Roach x2  
  76  5:04  Roach  
  82  5:11  Roach  
  84  5:15  Hatchery  
  84  5:16  Roach  
  84  5:19  Roach x2  
  89  5:24  Roach x2  
  89  5:25  Roach  
  95  5:33  Roach x3  
  101  5:36  Ravager x4  
  101  5:38  Ravager  
  101  5:42  Roach  
  108  5:45  Roach x2  
  112  5:51  Roach x2  
  112  5:54  Overlord  
  115  5:57  Overlord  
  115  5:59  Overlord  
  115  6:13  Roach x4  
  119  6:21  Roach  
  119  6:23  Roach  
  119  6:24  Roach x3  
  110  6:35  Roach  
  112  6:44  Roach x2  
  111  6:50  Roach  
  111  6:54  Roach  
  112  6:59  Roach  
  114  7:03  Roach x2  
  114  7:07  Ravager  
  114  7:08  Roach  
  119  7:10  Roach  
  119  7:13  Roach  
  123  7:16  Roach  
  123  7:23  Roach x2  
  123  7:27  Roach  
Show
View Real Time Build Order
Export as new Build Order

Reynor Zerg 

Build Orders: Pool First 

Get SALT Encoding   

  12  0:00  Drone  
  13  0:12  Overlord  
  13  0:16  Drone  
  14  0:30  Drone x2  
  14  0:34  Drone  
  17  0:42  Extractor  
  16  0:45  Drone  
  16  0:49  Spawning Pool  
  16  0:55  Drone  
  17  1:06  Drone  
  18  1:19  Hatchery  
  17  1:35  Zergling x2  
  17  1:36  Queen  
  17  1:38  Drone  
  21  1:44  Metabolic Boost  
  21  1:51  Overlord  
  21  1:55  Drone  
  22  2:08  Baneling Nest  
  21  2:13  Zergling x4  
  23  2:22  Zergling x2  
  24  2:31  Queen  
  24  2:36  Drone  
  27  2:41  Zergling x2  
  27  2:43  Drone  
  29  2:46  Drone  
  29  2:48  Zergling x2  
  31  2:51  Baneling  
  31  2:52  Baneling  
  31  2:54  Drone  
  31  2:57  Drone  
  33  2:59  Drone  
  34  3:06  Overlord  
  34  3:08  Drone  
  34  3:10  Drone  
  36  3:15  Zergling x2, Evolution Chamber  
  36  3:22  Overlord  
  36  3:24  Drone x2  
  36  3:25  Drone  
  40  3:27  Drone  
  40  3:35  Drone x2  
  42  3:41  Zerg Ground Armor Level 1  
  42  3:45  Drone  
  43  3:49  Drone  
  43  3:54  Hatchery  
  43  3:55  Drone x2  
  43  4:01  Overlord  
  45  4:03  Drone x2  
  45  4:07  Roach Warren  
  45  4:09  Extractor  
  45  4:10  Zergling x2  
  45  4:11  Zergling x2  
  45  4:12  Zergling x2  
  45  4:16  Overlord  
  48  4:20  Zergling x4  
  48  4:21  Zergling x2  
  51  4:26  Zergling x8  
  55  4:31  Overlord  
  55  4:47  Roach x3  
  55  4:49  Roach  
  55  4:50  Roach x2  
  55  4:51  Zergling x6  
  55  4:52  Zergling x2  
  71  5:01  Overlord  
  71  5:02  Roach  
  73  5:08  Zergling x2  
  73  5:09  Ravager  
  73  5:11  Ravager  
  73  5:12  Zergling x4  
  73  5:13  Queen  
  80  5:18  Overlord  
  80  5:20  Zergling x6  
  80  5:21  Zergling x2  
  84  5:23  Overlord  
  84  5:27  Ravager  
  85  5:32  Overlord  
  85  5:35  Overlord  
  84  5:37  Ravager  
  84  5:38  Zergling x6  
  84  5:39  Zergling x2  
  84  5:40  Overlord  
  89  5:46  Zergling x2  
  89  5:48  Zergling x2  
  91  5:52  Zergling x8  
  91  5:54  Ravager  
  96  6:01  Zergling x6  
  96  6:02  Queen  
  100  6:09  Zergling x4  
  97  6:18  Roach  
  93  6:21  Zergling x2, Roach x2  
  93  6:23  Zergling x2, Roach x2  
  93  6:28  Zergling x4, Roach x2  
  93  6:30  Zergling x2  
  93  6:31  Zergling x2  
  91  6:42  Zergling x4, Roach x2  
  91  6:46  Zergling x2, Roach  
  79  6:52  Zergling x2  
  74  6:58  Extractor  
  74  6:59  Zergling x4  
  72  7:05  Zergling x4  
  72  7:09  Zergling x2  
  72  7:15  Zergling x2  
  71  7:17  Zergling x8  
  71  7:20  Zergling x2  
  70  7:25  Zergling x6  
  61  7:30  Zergling x2  
  61  7:31  Zergling x2  
Tags
 
Add a new tag
Caveats
  • Supply blocks, unpowered buildings, or Contaminate may cause inaccurate times.
  • Supply counts are checked every 10 seconds.